 Dungeon Crawl Stone Soup version 0.29.0-4-gdea44cf6ec (webtiles) character file.

Game seed: 12731406033090272132

9 qw the Sneak (level 2, 0/19 HPs)
             Began as a Gargoyle Delver on Sept 10, 2022.
             Was an Initiate of Okawaru.
             Slain by a scorpion (4 damage)
             ... on level 5 of the Dungeon.
             The game lasted 00:00:07 (488 turns).

qw the Sneak (Gargoyle Delver)                       Turns: 488, Time: 00:00:07

Health: 0/19       AC:  5    Str: 15    XL:     2   Next: 12%
Magic:  2/2        EV: 11    Int: 10    God:    Okawaru [......]
Gold:   0          SH:  0    Dex: 11    Spells: 1/1 levels left

rFire   . . .      SeeInvis .   a - +0 hand axe
rCold   . . .      Faith    .   (no shield)
rNeg    + . .      Spirit   .   b - +0 leather armour
rPois   inf        Reflect  .   (no helmet)
rElec   +          Harm     .   (no cloak)
rCorr   .          Rampage  .   (no gloves)
Will    .....                   (no boots)
Stlth   +++.......              (no amulet)
HPRegen 0.06/turn               (no ring)
MPRegen 0.08/turn               (no ring)

@: no status effects
A: sickness immunity, AC +2, negative energy resistance 1, electricity
resistance, torment resistance 1, petrification resistance
a: Renounce Religion


You were on level 5 of the Dungeon.
You worshipped Okawaru.
Okawaru was noncommittal.
You visited 2 branches of the dungeon, and saw 2 of its levels.


Innate Abilities, Weirdness & Mutations

You are immune to sickness and miasma.
Your stone body is resilient. (AC +2)
You are immune to poison.
You resist negative energy. (rN+)
You are resistant to electric shocks. (rElec)
You are resistant to unholy torment.
You are immune to petrification.


   Skills:
 - Level 3.2 Fighting
 + Level 2.5 Axes
 - Level 1.5 Dodging
 - Level 5.4 Stealth


You had one spell level left.
You didn't know any spells.
Your spell library was empty.

Inventory:

Hand Weapons
 a - a +0 hand axe (weapon)
Armour
 b - a +0 leather armour (worn)
Wands
 g - a wand of digging (3)
Scrolls
 d - a scroll of butterflies {unknown}
Potions
 c - a potion of heal wounds {unknown}
 f - a potion of haste

Dungeon Overview and Level Annotations

Branches:
Dungeon (5/15)             Temple (1/1) D:5

Altars:
Ashenzari
Dithmenos
Elyvilon
Fedhas
Hepliaklqana
Kikubaaqudgha
Makhleb
Nemelex Xobeh
Okawaru
Ru
Trog
Uskayaw
Vehumet
Wu Jian
Xom
Yredelemnul
Zin
The Shining One


Message History

The scorpion barely misses you.
You barely miss the scorpion.
The scorpion is lightly wounded.
The scorpion stings you but does no damage.
You hit the scorpion but do no damage.
The scorpion is lightly wounded.
The scorpion stings you.
The scorpion stings you but does no damage.
You barely miss the scorpion.
The scorpion is lightly wounded.
The scorpion barely misses you.
You barely miss the scorpion.
The scorpion is lightly wounded.
The scorpion closely misses you. x2
You barely miss the scorpion.
The scorpion is lightly wounded.
The scorpion stings you.
You hit the scorpion.
The scorpion is lightly wounded.
The scorpion closely misses you.
You hit the scorpion.
The scorpion is lightly wounded.
The scorpion stings you.
The scorpion stings you but does no damage.
You hit the scorpion.
The scorpion is heavily wounded.
The scorpion stings you.
You hit the scorpion.
The scorpion is heavily wounded.
The scorpion closely misses you. The scorpion misses you.
You barely miss the scorpion.
The scorpion is heavily wounded.
The scorpion stings you.
You hit the scorpion.
The scorpion is almost dead.
The scorpion stings you but does no damage.
You closely miss the scorpion.
The scorpion is almost dead.
The scorpion stings you.
You die...

....##...##.%....#~P~~7~P
.##..##.##..##?#..#~PP~~~
. #..#.#..##..###..PP.~~
.. #.....##..## ##....~~
...#..}..#..## ##.....
#...........# ##...~
#....#..##..# #...~
..#....## #..# #.>PP
##.@.# .....PP~~P~ #.s.#
....P.~~~77 #....#
###~~~7P~ #..$..


#P.PP~PP ....... ###..... #......## ...... .......# ...... ......... You could
see a scorpion.

Vanquished Creatures
  An adder (D:5)
1 creature vanquished.

Notes
Turn   | Place    | Note
-------+----------+-------------------------------------------
     0 | D:5      | qw the Gargoyle Delver began the quest for the Orb.
     0 | D:5      | Reached XP level 1. HP: 14/14 MP: 1/1
     0 | D:5      | 0 ||| qw: Version: 0.1-a-116-g5d60599
     0 | D:5      | 0 ||| qw: Game counter: 8987
     0 | D:5      | 0 ||| qw: Always use a shield: true
     0 | D:5      | 0 ||| qw: God list: Okawaru
     0 | D:5      | 0 ||| qw: Allow faded altars: false
     0 | D:5      | 0 ||| qw: Do Orc after D:15 true
     0 | D:5      | 0 ||| qw: Do second Lair branch before Depths: true
     0 | D:5      | 0 ||| qw: Lair rune preference: random
     0 | D:5      | 0 ||| qw: Plans: Normal
     0 | D:5      | 0 ||| PLANNING D:1-11
    11 | D:5      | Found a staircase to the Ecumenical Temple.
    12 | D:5      | 12 ||| PLANNING TEMPLE
    12 | D:5      | 12 ||| DROPPING scroll of fog.
    13 | D:5      | 13 ||| DROPPING scroll of magic mapping.
    14 | D:5      | 14 ||| DROPPING scroll of fear.
    31 | D:5      | Reached XP level 2. HP: 12/19 MP: 2/2
   144 | Temple   | Entered the Ecumenical Temple
   356 | Temple   | 356 ||| PLANNING D:1-11
   412 | Temple   | Became a worshipper of Warmaster Okawaru
   469 | D:5      | Noticed a scorpion
   486 | D:5      | HP: 4/19 [scorpion (2)]
   488 | D:5      | Slain by a scorpion

Levels and vault maps discovered:
D:5:      layout_layer_cave, old_standard_altar, minmay_temple_entry_waves,
          serial_bayou, serial_bayou_lagoon_a, serial_bayou_ford_a,
          serial_bayou_crossing, serial_bayou_pond_a, nicolae_shop_firing_range
Temple:   dpeg_five_rooms_temple

Skill      XL: |  1 |
---------------+----+-----
Axes           | 2 |  2.5
Fighting       | |  3.2
Dodging        | |  1.5
Stealth        | |  5.4

Action                   || total
-------------------------++-------
Melee: Hand axe          ||    25
Armor: Leather armour    ||     5
Dodge: Dodged            ||    19

Table legend:
 A = Non-vault XP
 B = Vault XP
 C = Vault XP percentage of total XP
 D = Non-vault monster count
 E = Vault monster count
 F = Vault count percentage of total count
                 A         B        C        D         E       F
            +---------+---------+-------+---------+---------+-------
      Total |      13 |       0 |   0.0 |       1 |       0 |   0.0
            +---------+---------+-------+---------+---------+-------
        D:5 |      13 |       0 |   0.0 |       1 |       0 |   0.0
            +---------+---------+-------+---------+---------+-------
